 Dungeon Crawl Stone Soup version 0.30.1-11-g7821555f0a (webtiles) character file.

Game seed: 5705721728153422976

22 CandicePardue the Twirler (level 3, 0/27 HPs)
             Began as a Human Gladiator on Dec 4, 2023.
             Slain by an adder (4 damage)
             ... on level 2 of the Dungeon.
             The game lasted 00:01:42 (420 turns).

CandicePardue the Twirler (Human Gladiator)          Turns: 420, Time: 00:01:43

Health: 0/27       AC:  4    Str: 14    XL:     3   Next: 7%
Magic:  3/3        EV: 12    Int: 10    God:
Gold:   22         SH:  0    Dex: 14    Spells: 2/2 levels left

rFire   . . .        a - +0 quarterstaff
rCold   . . .        (shield currently unavailable)
rNeg    . . .        b - +0 leather armour
rPois   .            c - +0 helmet
rElec   .            (no cloak)
rCorr   .            (no gloves)
SInv    .            (no boots)
Will    .....        (no amulet)
Stlth   +            (no ring)
HPRegen 0.24/turn    (no ring)
MPRegen 0.08/turn

%: no passive effects
@: lethally poisoned (0 -> -2)
A: no striking features
a: no special abilities


You were on level 2 of the Dungeon.
You visited 1 branch of the dungeon, and saw 2 of its levels.

You collected 22 gold pieces.

Inventory:

Hand Weapons
 a - a +0 quarterstaff (weapon)
Missiles
 d - 3 throwing nets
 e - a javelin (quivered)
 i - 2 boomerangs
Armour
 b - a +0 leather armour (worn)
 c - a +0 helmet (worn)
Jewellery
 g - a ring of protection from cold
Scrolls
 f - a scroll of identify
 h - a scroll of magic mapping


   Skills:
 * Level 2.1 Fighting
 * Level 0.4(2.1) Polearms
 * Level 3.4 Staves
 * Level 2.1 Throwing
 * Level 0.2 Armour
 * Level 3.2 Dodging
 * Level 0.2 Stealth


You had 2 spell levels left.
You didn't know any spells.
Your spell library was empty.

Dungeon Overview and Level Annotations

Branches:
Dungeon (2/15)

Altars:


Message History

The adder is moderately wounded.
You feel sick. The adder bites you.
You are more poisoned.
The adder poisons you! The adder completely misses you.
You miss the adder.
The adder is lightly wounded.
You feel very sick. The adder closely misses you.
The dart slug briefly extends its eye-stalks.
You barely miss the adder.
The adder is lightly wounded.
You feel sick. The adder misses you. The adder barely misses you.
You barely miss the adder.
The adder is lightly wounded.
You feel sick. The adder closely misses you.
You hit the adder.
The adder is moderately wounded.
You feel sick. The adder bites you but does no damage.
The adder closely misses you.
You aren't carrying any potions.
You hit the adder.
The adder is moderately wounded.
You feel sick. The adder misses you.
You hit the adder.
The adder is severely wounded.
You feel sick.
The adder bites you but does no damage. x2
You hit the adder but do no damage.
The adder is severely wounded.
You feel sick. The adder bites you.
* * * LOW HITPOINT WARNING * * *
You are more poisoned.
The adder poisons you!
You hit the adder.
The adder is almost dead.
* * * LOW HITPOINT WARNING * * *
You feel sick. The adder bites you but does no damage.
You closely miss the adder.
The adder is almost dead.
You feel sick. The adder misses you. The adder bites you.
You die...

..... #...## ..
#..w.# .# #8.# .#
+..# .# ###8g###
.# #......# .###
#####......###...#
..........wgS@...#
######.....#####.#
#.######..#..#
#......#.###†##
#..## ##.# #.#.#
#.## #.#..#.#
#<#.#.# #.#....#


You could see an adder, a dart slug and a goblin.

Vanquished Creatures
  A worm (D:2)
  A dart slug (D:1)
  A bat (D:1)
  2 giant cockroaches (D:1)
  3 hobgoblins (D:1)
  3 jackals (D:1)
  2 ball pythons
  A frilled lizard (D:1)
  A goblin (D:1)
15 creatures vanquished.

Notes
Turn   | Place    | Note
-------+----------+-------------------------------------------
     0 | D:1      | CandicePardue the Human Gladiator began the quest for the
                  | Orb.
     0 | D:1      | Reached XP level 1. HP: 16/16 MP: 1/1
   196 | D:1      | Reached XP level 2. HP: 22/22 MP: 2/2
   384 | D:2      | Reached XP level 3. HP: 23/27 MP: 3/3
   420 | D:2      | Slain by an adder

Illustrated notes

Levels and vault maps discovered:
D:1:      dpeg_arrival_tiny_g, layout_loops_corners
D:2:      layout_loops_ring, dreamdust_ecumenical_altar_angels_and_demons,
          serial_shops, nicolae_lakefront_shop

Action                     || total
---------------------------++-------
  Melee: Quarterstaff      ||    53
  Throw: Javelin           ||     5
    Use: Scroll            ||     1
 Armour: Leather armour    ||    17
  Dodge: Dodged            ||    32
